 Dungeon Crawl Stone Soup version 0.20.1-1-g8b1a95d (webtiles) character file.

33 OneorTwo the Chiller (level 3, 0/24 HPs)
             Began as a Merfolk Ice Elementalist on Aug 8, 2017.
             Slain by a leopard gecko (2 damage)
             ... on level 1 of the Dungeon.
             The game lasted 00:03:32 (627 turns).

OneorTwo the Chiller (Merfolk Ice Elementalist)      Turns: 627, Time: 00:03:32

Health: 0/24       AC:  9    Str:  8    XL:     3   Next: 29%
Magic:  0/7        EV: 13    Int: 14    God:
Gold:   75         SH:  0    Dex: 15    Spells: 6/7 levels left

rFire    . . .     SeeInvis .   i - +0 mace (protect)
rCold    . . .     Gourm    .   (no shield)
rNeg     . . .     Faith    .   a - +0 robe
rPois    .         Spirit   .   (no helmet)
rElec    .         Reflect  .   (no cloak)
rCorr    .         Harm     .   (no gloves)
MR       .....                  (no boots)
Stlth    ++........             (no amulet)
Regen    0.1/turn               (no ring)
MPRegen  0.1/turn               (no ring)

@: protection aura
A: change form in water, swift swim, stealthy swim
a: no special abilities


You were on level 1 of the Dungeon.
You were not hungry.

You visited 1 branch of the dungeon, and saw 1 of its levels.

You collected 75 gold pieces.

Inventory:

Hand Weapons
 i - a +0 mace of protection (weapon)
Missiles
 g - 40 stones (quivered)
Armour
 a - a +0 robe (worn)
Scrolls
 e - 2 scrolls of identify {unknown}
 f - a scroll of teleportation {unknown}
 j - a scroll of fog {unknown}
Potions
 d - 2 potions of curing {unknown}
 l - a potion of flight {unknown}
Books
 b - a book of Frost

   Spells                             Type                      Level
   a - Freeze                         Ice                          1
   b - Throw Frost                    Conjuration/Ice              2
   c - Ozocubu's Armour               Charms/Ice                   3
   d - Throw Icicle                   Conjuration/Ice              4
   e - Summon Ice Beast               Ice/Summoning                4
Comestibles
 c - a bread ration
 h - 5 chunks of flesh
 k - a meat ration


   Skills:
 - Level 2.6 Dodging
 - Level 2.1 Stealth
 + Level 2.6 Spellcasting
   Level 0.7 Conjurations
 + Level 4.1 Ice Magic


You had 6 spell levels left.
You knew the following spells:

 Your Spells              Type           Power        Failure   Level  Hunger
a - Freeze                Ice            ##..         4%          1    #......


Dungeon Overview and Level Annotations

Branches:
Dungeon (1/15)

Altars:


Message History

You hit the ooze.
The ooze is heavily wounded.
The ooze closely misses you.
Casting: Freeze
Confirm with . or Enter, or press ? or * to list all spells.
Aiming: Freeze
Press: ? - help, Shift-Dir - straight line, f - ooze
Aim: an ooze (heavily wounded)
You freeze the ooze.
You kill the ooze!
You closely miss the leopard gecko. The leopard gecko misses you.
The leopard gecko closely misses you.
You barely miss the leopard gecko. The leopard gecko misses you.
You barely miss the leopard gecko. The leopard gecko bites you.
* * * LOW HITPOINT WARNING * * *
The leopard gecko closely misses you.
You hit the leopard gecko but do no damage.
Your weapon exudes an aura of protection.
The leopard gecko barely misses you. The leopard gecko bites you.
You die...

. # # .. ##. # # # ...#..#
# .#.# #####+###
#...#)#.#...#####.......#
#..#.#..#.............+
#....K##.# #.........#
...###)###..###.........#
.......Kl@†..[.#..........
......####.............)..
...... #...........#....
..... #................
####. #................ #
#................
###..............
##...........#'#
.'.'...........'..


You could see a leopard gecko and a kobold.

Vanquished Creatures
  An ooze (D:1)
  2 dart slugs (D:1)
  A ball python (D:1)
  7 bats (D:1)
  A giant cockroach (D:1)
  2 goblins (D:1)
  3 hobgoblins (D:1)
  2 kobolds (D:1)
  3 frilled lizards (D:1)
  A rat (D:1)
23 creatures vanquished.

Notes
Turn   | Place    | Note
-------+----------+-------------------------------------------
     0 | D:1      | OneorTwo the Merfolk Ice Elementalist began the quest for the Orb.
     0 | D:1      | Reached XP level 1. HP: 13/13 MP: 3/3
   366 | D:1      | Reached XP level 2. HP: 11/19 MP: 0/5
   612 | D:1      | Reached skill level 4 in Ice Magic
   612 | D:1      | Reached XP level 3. HP: 7/24 MP: 1/6
   627 | D:1      | Slain by a leopard gecko

Skill      XL: |  1  2 |
---------------+-------+-----
Ice Magic      | 4 |  4.1
Dodging        | |  2.6
Stealth        | |  2.1
Spellcasting   | |  2.6
Conjurations   | |  0.7

Action                   || total
-------------------------++-------
Melee: Unarmed           ||    19
       Mace              ||    28
Throw: Stone             ||     1
 Cast: Freeze            ||    26
 Stab: Sleeping          ||     1
Armor: Robe              ||    23
Dodge: Dodged            ||    74
